 Dungeon Crawl Stone Soup version 0.28.0-45-g0d030f2227 (webtiles) character file.

Game seed: 9070869613102507602

11450 MalarOregon the Fighter (level 11, -1/93 HPs)
             Began as a Palentonga Fighter on Apr 23, 2022.
             Was a Believer of Qazlal.
             Slain by a harpy simulacrum (11 damage)
             ... in an ice cave.
             The game lasted 00:47:05 (14204 turns).

MalarOregon the Fighter (Palentonga Fighter)       Turns: 14204, Time: 00:47:05

Health: -1/93      AC: 16    Str: 19    XL:     11   Next: 49%
Magic:  23/30      EV:  9    Int: 13    God:    Qazlal [**....]
Gold:   544        SH:  7    Dex: 10    Spells: 10/23 levels left

rFire   + . .      SeeInvis +   A - staff of air
rCold   + . .      Faith    .   c - +0 buckler
rNeg    . . .      Spirit   .   B - +0 troll leather armour
rPois   +          Reflect  .   (no helmet)
rElec   +          Harm     .   j - +0 cloak
rCorr   +          Rampage  .   D - +2 pair of gloves {infuse}
Will    .....                   (no barding)
Stlth   +.........              e - amulet of magic regeneration
HPRegen 1.05/turn               q - ring of magical power
MPRegen 0.62/turn               (no ring)

@: resistant, very slightly contaminated, curled up
A: large, rugged brown scales 3, see invisible, deformed body, roll 1, armoured
tail, reflexive curl
a: Rolling Charge, Renounce Religion, Upheaval


You were in an ice cave.
You worshipped Qazlal.
Qazlal was pleased with you.
You visited 3 branches of the dungeon, and saw 11 of its levels.
You also visited: Bailey and Ice Cave.

You collected 544 gold pieces.


Innate Abilities, Weirdness & Mutations

You are completely covered in rugged brown scales. (AC +3, +7% HP)
You have supernaturally acute eyesight. (SInv)
Armour fits poorly on your strangely shaped body.
You can roll at nearby foes to attack.
You have a long armoured tail.
You curl defensively after being hit. (AC +7*)


   Skills:
 * Level 8.5 Fighting
 * Level 8.2 Maces & Flails
 + Level 3.6 Armour
 + Level 2.7 Dodging
 + Level 3.7 Shields
 * Level 6.8 Spellcasting
 + Level 3.2 Conjurations
 + Level 3.8 Transmutations
 - Level 2.0 Fire Magic
 - Level 2.0 Ice Magic
 - Level 4.0 Air Magic
 - Level 4.0 Poison Magic
 + Level 3.8 Invocations
 + Level 2.8 Evocations


You had 10 spell levels left.
You knew the following spells:

 Your Spells              Type           Power      Damage    Failure   Level
a - Ignite Poison         Fire/Tmut/Pois 12%        N/A       19%         3
d - Freezing Cloud        Conj/Ice/Air   9%         6-21      87%         5
f - Mephitic Cloud        Conj/Pois/Air  21%        N/A       14%         3
x - Poisonous Vapours     Pois/Air       44%        N/A       7%          2

Your spell library contained the following spells:

 Spells                   Type           Power      Damage    Failure   Level
 Beastly Appendage        Tmut           28%        N/A       4%          1
 Wereblood                Tmut           14%        N/A       7%          2
 Spider Form              Tmut/Pois      14%        N/A       14%         3
 Corpse Rot               Necr/Air       28%        N/A       16%         2
 Fireball                 Conj/Fire      5%         3d5       91%         5
 Starburst                Conj/Fire      5%         6d4       100%        6
 Ignition                 Fire           4%         3d4       100%        8

Inventory:

Hand Weapons
 a - a +0 flail
 b - a +2 whip of holy wrath
   (You took it off an orc on level 7 of the Dungeon)
 C - a +4 hand axe
   (You took it off a wight on level 9 of the Dungeon)
Missiles
 r - 6 poisoned darts (quivered)
 K - 3 curare-tipped darts {!f}
Armour
 c - a +0 buckler (worn)
 j - a +0 cloak (worn)
   (You found it on level 2 of the Dungeon)
 B - a +0 troll leather armour (worn)
   (You found it on level 5 of the Dungeon)
 D - a +2 pair of gloves of infusion (worn)
   (You found it in a bailey)
 E - a +0 leather armour of poison resistance
   (You found it in a bailey)
 H - a +0 scale mail of willpower
   (You found it in a bailey)
Magical Staves
 A - a staff of air (weapon)
   (You found it on level 7 of the Dungeon)
 F - a staff of poison
   (You found it in a bailey)
Jewellery
 e - an amulet of magic regeneration (around neck)
   (You found it on level 6 of the Dungeon)
 q - a ring of magical power (left hand)
   (You found it on level 6 of the Dungeon)
Wands
 d - a wand of iceblast (9)
   (You found it on level 7 of the Dungeon)
 i - a wand of charming (13)
   (You found it on level 7 of the Dungeon)
 t - a wand of flame (4)
   (You found it on level 9 of the Dungeon)
 x - a wand of acid (4)
   (You found it on level 9 of the Dungeon)
Scrolls
 f - a scroll of acquirement {unknown}
 h - 4 scrolls of teleportation {@r4}
 k - 2 scrolls of holy word {unknown}
 l - a scroll of magic mapping {unknown}
 m - a scroll of immolation {unknown}
 n - a scroll of fear
 o - 3 scrolls of enchant weapon {unknown}
 s - a scroll of summoning {unknown}
 u - a scroll of enchant armour {unknown}
 v - a scroll of amnesia {unknown}
 y - a scroll of brand weapon {unknown}
 I - a scroll of blinking {unknown}
Potions
 g - a potion of curing {@q1}
 p - 4 potions of flight
 w - a potion of berserk rage {unknown}
 z - a potion of ambrosia
 G - a potion of magic {unknown}
 J - a potion of haste {@q3}
 L - a potion of resistance
 M - a potion of mutation {unknown}

Dungeon Overview and Level Annotations

Branches:
Dungeon (9/15)             Temple (1/1) D:7            Lair (1/6) D:9
 Bailey (visited)           IceCv (1/1)
    Orc: D:9-12

Altars:
Ashenzari
Cheibriados
Dithmenos
Elyvilon
Fedhas
Gozag
Hepliaklqana
Kikubaaqudgha
Makhleb
Nemelex Xobeh
Okawaru
Qazlal
Ru
Sif Muna
Trog
Uskayaw
Vehumet
Wu Jian
Xom
Yredelemnul
Zin
The Shining One

####
##...####
........##
.........##
..........##
!..8.......#
.).......Z☼#
©[[....∩ZZ@#
.(......WZ§#
$..8.......#
..........##
.........##
........##
##...####
####


You could see a freezing wraith, 2 wolf simulacra, a polar bear simulacrum and a
harpy simulacrum.


Message History

Casting: Ignite Poison (dangerous; 19% risk of failure)
Confirm with . or Enter, or press ? or * to list all spells.
Aiming: Mephitic Cloud (dangerous; 16% risk of failure)
Press: ? - help, Shift-Dir - straight line, f - ice devil
Aim: an ice devil (not susceptible)
You feel a surge of power!
You miscast Mephitic Cloud.
You are very lightly contaminated with residual magic.
Nothing appears to happen.
Casting: Mephitic Cloud (dangerous; 16% risk of failure)
Confirm with . or Enter, or press ? or * to list all spells.
Aiming: Mephitic Cloud (dangerous; 16% risk of failure)
Press: ? - help, Shift-Dir - straight line, f - you, p - ice devil You feel a surge of power!
The ball explodes into a vile cloud!
The stinking cloud engulfs you but does no damage.
The stinking cloud engulfs the ice devil but does no damage.
The ice devil hits you! The ice devil freezes you!
Casting: Mephitic Cloud (dangerous; 16% risk of failure)
Confirm with . or Enter, or press ? or * to list all spells.
You ignite the poison in your surroundings!
The ice devil is engulfed in blazing flames.
The ice devil barely misses you.
The ice devil is engulfed in blazing flames.
You block the ice devil's attack.
You hit the ice devil. You tail-slap the ice devil.
The ice devil is engulfed in blazing flames.
You kill the ice devil!
Qazlal accepts your kill.
The ice devil is engulfed in blazing flames.
The ice devil hits you. The ice devil freezes you!
You hit the ice devil but do no damage.
Your tail-slap misses the ice devil.
The ice devil is engulfed in blazing flames.
You kill the ice devil!
Qazlal accepts your kill.
You hear the steady crackling of a melting archway.
Your magical contamination has completely faded away.
There is a frozen archway here.
The world spins around you as you enter the gateway.
You enter an ice cave!
Found six items.
Found an ice covered gate leading back out of this place.
There is an ice choked empty arch of ancient stone here.
The harpy simulacrum claws you! The harpy simulacrum freezes you!
You block the harpy simulacrum's attack.
There is an ice covered gate leading back out of this place, spattered with blood here.
The harpy simulacrum closely misses you.
The harpy simulacrum claws you but does no damage.
The wolf simulacrum bites you. The wolf simulacrum freezes you.
Casting: Ignite Poison (dangerous; 19% risk of failure)
Confirm with . or Enter, or press ? or * to list all spells.
Aiming: Mephitic Cloud (dangerous; 14% risk of failure)
Press: ? - help, Shift-Dir - straight line, f - you You feel a surge of power!
You miscast Mephitic Cloud.
You are very lightly contaminated with residual magic.
Nothing appears to happen.
The harpy simulacrum claws you! The harpy simulacrum freezes you!
* * * LOW HITPOINT WARNING * * *
The harpy simulacrum claws you but does no damage.
The harpy simulacrum claws you.
* * * LOW HITPOINT WARNING * * *
The harpy simulacrum freezes you!
* * * LOW HITPOINT WARNING * * *
The harpy simulacrum claws you but does no damage.
The wolf simulacrum barely misses you.
You block the harpy simulacrum's attack.
The harpy simulacrum claws you but does no damage.
The wolf simulacrum closely misses you.
You feel protected.
The harpy simulacrum claws you but does no damage.
The harpy simulacrum barely misses you.
The wolf simulacrum completely misses you.
The harpy simulacrum claws you but does no damage.
You block the harpy simulacrum's attack.
Casting: Mephitic Cloud (dangerous; 14% risk of failure)
Confirm with . or Enter, or press ? or * to list all spells.
Aiming: Mephitic Cloud (dangerous; 14% risk of failure)
Press: ? - help, Shift-Dir - straight line, f - you You feel a surge of power!
The ball explodes into a vile cloud!
The stinking cloud engulfs you but does no damage.
The stinking cloud engulfs the wolf simulacrum but does no damage.
The stinking cloud engulfs the harpy simulacrum but does no damage.
The harpy simulacrum claws you!
* * * LOW HITPOINT WARNING * * *
The harpy simulacrum freezes you! You resist.
* * * LOW HITPOINT WARNING * * *
The harpy simulacrum claws you but does no damage.
You block the wolf simulacrum's attack.
The harpy simulacrum claws you but does no damage.
You block the harpy simulacrum's attack.
The wolf simulacrum bites you but does no damage.
Casting: Mephitic Cloud (dangerous; 14% risk of failure)
Confirm with . or Enter, or press ? or * to list all spells.
You ignite the poison in your surroundings!
You block the harpy simulacrum's attack.
The harpy simulacrum claws you but does no damage.
The wolf simulacrum is engulfed in blazing flames.
The wolf simulacrum bites you but does no damage.
The harpy simulacrum claws you!
You die...

Skill      XL: |  1  2  3  4  5  6  7  8  9 10 11 |
---------------+----------------------------------+-----
Maces & Flails | 3 4 5 6 7 8 |  8.2
Fighting       | 4 5 6 7 8 |  8.5
Spellcasting   | 1 2 3 4 5 6 |  6.8
Air Magic      | 1 2 3 4 |  4.0
Poison Magic   | 1 2 3 4 |  4.0
Ice Magic      | 1 2 |  2.0
Conjurations   | 1 2 3 |  3.2
Transmutations | 2 3 |  3.8
Fire Magic     | 1 2 |  2.0
Dodging        | 1 2 |  2.7
Invocations    | 1 3 |  3.8
Evocations     | 1 2 |  2.8
Armour         | 3 |  3.6
Shields        | 3 |  3.7

Action                   |  1- 3 |  4- 6 |  7- 9 | 10-12 || total
-------------------------+-------+-------+-------+-------++-------
Melee: Flail             |   151 |   164 |   227 |    13 ||   555
       Tailslap          |    12 |    12 |    38 |    15 ||    77
       Whip              |       |       |    26 |    28 ||    54
       Staff             |       |       |       |    48 ||    48
Throw: Dart              |     6 |    19 |    14 |       ||    39
 Cast: Poisonous Vapours |       |       |    74 |    50 ||   124
       Ignite Poison     |       |       |     4 |    27 ||    31
       Mephitic Cloud    |       |       |     4 |    24 ||    28
 Abil: Rolling Charge    |     4 |     5 |     5 |     2 ||    16
Evoke: Wand              |       |       |     1 |       ||     1
  Use: Scroll            |       |     4 |     6 |     2 ||    12
       Potion            |       |     2 |       |     2 ||     4
 Stab: Sleeping          |       |       |     1 |       ||     1
       Confused          |       |       |       |     1 ||     1
Armor: Scale mail        |   103 |    88 |    86 |       ||   277
       Skin              |       |     7 |       |       ||     7
       Steam dragon scal |       |       |    27 |       ||    27
       Troll leather arm |       |       |       |    66 ||    66
Dodge: Dodged            |    67 |    79 |   111 |    65 ||   322
Block: Buckler           |    28 |    37 |    57 |    53 ||   175

Levels and vault maps discovered:
D:1:      mrwooster_arrival_arrow, layout_loops_ring,
          shapermc_ecumenical_altar_starsandcircs, serial_bayou_pond_a
D:2:      minmay_roachtagon, layout_rooms, basic_altar
D:3:      layout_basic
D:4:      layout_basic, mainiacjoe_overflow_catwalk,
          ebering_ghost_disaster_area, minmay_quadrilaterals
D:5:      layout_rooms, pdpol_temple_overflow_zin_treasury_gozag_greed
D:6:      layout_loops_ring, lemuel_crystal_altar
D:7:      corexii_shantytown, layout_basic, minmay_temple_entry_nine_rooms,
          grunt_ministairs_5, uniq_prince_ribbit1, uniq_maggie, uniq_duvessa
D:8:      layout_loops_ring
D:9:      layout_roguey, david_lair_generic, serial_undead, serial_undead_a,
          serial_undead_b, serial_undead_b, serial_undead_a, enter_bailey_6
Temple:   compressed_dpeg_circular_temple
Lair:1:   layout_regular_city, portal_ice_cave_demonic_guard,
          chequers_serial_rivers_marsh, lemuel_old_faithful
IceCv:    ice_cave_statue_garden_transporter

Notes
Turn   | Place    | Note
-------+----------+-------------------------------------------
     0 | D:1      | MalarOregon the Palentonga Fighter began the quest for the
                  | Orb.
     0 | D:1      | Reached XP level 1. HP: 19/19 MP: 1/1
   306 | D:1      | Found a faded altar of an unknown god.
   429 | D:1      | Reached XP level 2. HP: 25/25 MP: 2/2
  1097 | D:2      | Reached XP level 3. HP: 31/31 MP: 3/3
  1120 | D:2      | Reached skill level 3 in Maces & Flails
  1305 | D:2      | Found a hazy altar of Hepliaklqana.
  1567 | D:3      | You pick up a book of Vapours and begin reading...
  1567 | D:3      | You add the spells Poisonous Vapours and Corpse Rot to your
                  | library.
  1572 | D:3      | Learned a level 2 spell: Poisonous Vapours
  1976 | D:3      | Reached skill level 4 in Fighting
  2072 | D:3      | Reached XP level 4. HP: 23/39 MP: 4/4
  2663 | D:4      | Found a hazy altar of Hepliaklqana.
  3109 | D:4      | You pick up a book of Changes and begin reading...
  3109 | D:4      | You add the spells Beastly Appendage, Wereblood and Spider
                  | Form to your library.
  3693 | D:4      | Found a large runed translucent door.
  3693 | D:4      | Found a large runed translucent door.
  3695 | D:4      | Noticed PanSaczeczos's ghost (weakling DrDe)
  3754 | D:4      | Reached skill level 1 in Spellcasting
  3754 | D:4      | Reached XP level 5. HP: 43/44 MP: 6/6
  3770 | D:4      | Reached skill level 1 in Air Magic
  3770 | D:4      | Reached skill level 1 in Poison Magic
  4067 | D:4      | Noticed a water moccasin
  4075 | D:4      | Killed a water moccasin
  4076 | D:4      | Reached XP level 6. HP: 52/52 MP: 6/8
  4397 | D:4      | Reached skill level 4 in Maces & Flails
  4510 | D:4      | Killed PanSaczeczos's ghost
  4595 | D:5      | Entered Level 5 of the Dungeon
  4679 | D:5      | Reached skill level 2 in Spellcasting
  4987 | D:5      | Noticed a sky beast
  4997 | D:5      | Reached skill level 2 in Air Magic
  4997 | D:5      | Reached skill level 2 in Poison Magic
  5004 | D:5      | Killed a sky beast
  5005 | D:5      | Gained mutation: You curl defensively after being hit. (AC
                  | +7*) [Palentonga growth]
  5005 | D:5      | Reached XP level 7. HP: 45/58 MP: 10/10
  5158 | D:5      | Noticed a troll
  5227 | D:4      | Found a hazy altar of Hepliaklqana.
  5913 | D:5      | HP: 11/58 [troll (9)]
  6318 | D:5      | Found a glowing silver altar of Zin.
  6360 | D:5      | Found an opulent altar of Gozag.
  6521 | D:5      | Reached skill level 5 in Fighting
  6827 | D:6      | Found a shimmering altar of Xom.
  6999 | D:6      | Reached skill level 3 in Spellcasting
  7412 | D:6      | Reached skill level 5 in Maces & Flails
  7412 | D:6      | Reached XP level 8. HP: 48/67 MP: 12/12
  7541 | D:6      | Reached skill level 3 in Air Magic
  7541 | D:6      | Reached skill level 3 in Poison Magic
  8270 | D:7      | Noticed Prince Ribbit
  8291 | D:7      | Killed Prince Ribbit
  8292 | D:7      | Reached skill level 6 in Fighting
  8427 | D:7      | Reached skill level 4 in Spellcasting
  8953 | D:7      | You add the spells Ignite Poison, Mephitic Cloud and
                  | Freezing Cloud to your library.
  8994 | D:7      | Noticed Dowan
  8996 | D:7      | Noticed Duvessa
  9019 | D:7      | Killed Duvessa
  9021 | D:7      | Killed Dowan
  9184 | D:7      | Reached XP level 9. HP: 66/74 MP: 15/15
  9399 | D:7      | Found a staircase to the Ecumenical Temple.
  9405 | Temple   | Entered the Ecumenical Temple
  9528 | Temple   | Became a worshipper of Qazlal Stormbringer
  9742 | D:7      | Learned a level 3 spell: Mephitic Cloud
  9746 | D:7      | Learned a level 3 spell: Ignite Poison
  9752 | D:7      | Learned a level 5 spell: Freezing Cloud
  9927 | D:7      | Noticed Maggie
  9941 | D:7      | HP: 17/74 [Maggie/+0 glaive (14)]
  9943 | D:7      | Killed Maggie
  9944 | D:7      | Reached skill level 6 in Maces & Flails
  9944 | D:7      | Reached skill level 1 in Ice Magic
  9944 | D:7      | Reached skill level 4 in Air Magic
  9944 | D:7      | Reached skill level 4 in Poison Magic
 10453 | D:7      | Reached skill level 1 in Conjurations
 10464 | D:7      | Reached skill level 1 in Transmutations
 10695 | D:8      | Reached skill level 1 in Fire Magic
 10704 | D:8      | Reached * piety under Qazlal
 10760 | D:8      | Reached skill level 5 in Spellcasting
 10760 | D:8      | Reached skill level 2 in Transmutations
 11549 | D:8      | Noticed a two-headed ogre
 11551 | D:8      | Reached skill level 7 in Fighting
 11562 | D:8      | Killed a two-headed ogre
 11563 | D:8      | Reached skill level 1 in Dodging
 11563 | D:8      | Reached skill level 1 in Invocations
 11563 | D:8      | Reached skill level 1 in Evocations
 12027 | D:5      | Found a glowing silver altar of Zin.
 12030 | D:5      | Found an opulent altar of Gozag.
 12037 | D:5      | Killed a troll
 12038 | D:5      | Reached XP level 10. HP: 67/84 MP: 18/18
 12577 | D:9      | Found a flagged portal.
 12610 | D:9      | Noticed a seven-headed hydra
 12626 | D:9      | Killed a seven-headed hydra
 12627 | D:9      | Reached skill level 7 in Maces & Flails
 12668 | Bailey   | Entered a bailey
 12745 | Bailey   | Reached skill level 2 in Fire Magic
 12753 | Bailey   | Reached skill level 3 in Armour
 12753 | Bailey   | Reached skill level 2 in Conjurations
 12766 | Bailey   | Noticed an orc knight
 12773 | Bailey   | Killed an orc knight
 12774 | Bailey   | Reached skill level 3 in Shields
 12774 | Bailey   | Reached skill level 2 in Invocations
 12810 | Bailey   | Reached skill level 2 in Ice Magic
 12870 | Bailey   | Found a large runed translucent door.
 12870 | Bailey   | Found a large runed translucent door.
 12871 | Bailey   | Noticed a deep elf zephyrmancer
 12993 | Bailey   | Killed a deep elf zephyrmancer
 12994 | Bailey   | Reached skill level 6 in Spellcasting
 12994 | Bailey   | Reached skill level 3 in Transmutations
 13256 | D:9      | Reached skill level 2 in Evocations
 13317 | D:9      | You pick up a book of Fire and begin reading...
 13317 | D:9      | You add the spells Fireball, Starburst and Ignition to your
                  | library.
 13419 | D:9      | Found a staircase to the Lair.
 13419 | D:9      | Noticed an elephant
 13461 | D:9      | Killed an elephant
 13461 | D:9      | Reached ** piety under Qazlal
 13462 | D:9      | Reached skill level 2 in Dodging
 13637 | D:9      | Reached skill level 8 in Fighting
 13724 | D:9      | Reached skill level 3 in Invocations
 13724 | D:9      | Reached XP level 11. HP: 74/92 MP: 20/20
 13863 | Lair:1   | Entered Level 1 of the Lair of Beasts
 13865 | Lair:1   | Noticed a seven-headed hydra
 13874 | Lair:1   | Noticed a four-headed hydra
 13875 | Lair:1   | Killed a seven-headed hydra
 13885 | Lair:1   | Killed a four-headed hydra
 13963 | Lair:1   | Noticed a seven-headed hydra
 13974 | Lair:1   | Killed a seven-headed hydra
 13975 | Lair:1   | Reached skill level 8 in Maces & Flails
 13975 | Lair:1   | Reached skill level 3 in Conjurations
 13980 | Lair:1   | HP: 21/92 [poisoned by a cane toad]
 14157 | Lair:1   | Found a frozen archway.
 14197 | IceCv    | Entered an ice cave
 14203 | IceCv    | HP: 17/93 [harpy simulacrum (10)]
 14204 | IceCv    | Slain by a harpy simulacrum

Vanquished Creatures
  4 hydras
  A two-headed ogre (D:8)
  An orc knight (Bailey)
  A deep elf zephyrmancer (Bailey)
  An elephant (D:9)
  Maggie (D:7)
  4 cane toads (Lair:1)
  2 ice devils (Lair:1)
  A troll (D:5)
  Prince Ribbit (D:7)
  A vampire (D:8)
  2 wyverns (D:9)
  A wraith (D:9)
  A basilisk (Lair:1)
  3 water moccasins
  Duvessa (D:7)
  2 ice beasts
  3 black bears
  7 orc warriors
  A sky beast (D:5)
  2 necrophages
  2 ogres (D:6)
  4 centaurs
  A kobold brigand (D:8)
  4 bullfrogs
  3 scorpions
  Dowan (D:7)
  9 killer bees
  6 wights
  2 centaur zombies
  A bullfrog zombie (D:6)
  A jelly (D:7)
  4 hounds
  An orc priest (D:9)
  A centaur skeleton (D:7)
  2 iguanas
  3 orc wizards
  3 killer bee zombies
  2 mummies (D:9)
  A howler monkey zombie (D:9)
  7 gnolls
  A howler monkey skeleton (D:4)
  5 adders
  3 ufetubi
  An adder skeleton (D:4)
  A worm (D:3)
  The ghost of PanSaczeczos the Sneak, a weakling DrDe (D:4)
  5 dart slugs
  30 orcs
  6 bats
  6 endoplasms
  12 giant cockroaches
  9 goblins
  12 hobgoblins
  12 kobolds
  A quokka (D:4)
  10 ball pythons
  3 frilled lizards
  5 rats
222 creatures vanquished.

Vanquished Creatures (others)
  A fungus (Lair:1)
  4 plants
5 creatures vanquished.

Grand Total: 227 creatures vanquished

Table legend:
 A = Non-vault XP
 B = Vault XP
 C = Vault XP percentage of total XP
 D = Non-vault monster count
 E = Vault monster count
 F = Vault count percentage of total count
                 A         B        C        D         E       F
            +---------+---------+-------+---------+---------+-------
      Total |   11137 |    5221 |  31.9 |     152 |      70 |  31.5
            +---------+---------+-------+---------+---------+-------
        D:1 |      34 |       0 |   0.0 |      18 |       0 |   0.0
        D:2 |      12 |      16 |  57.1 |       9 |       8 |  47.1
        D:3 |      81 |       0 |   0.0 |      20 |       0 |   0.0
        D:4 |     350 |      57 |  14.0 |      27 |       5 |  15.6
        D:5 |     693 |       0 |   0.0 |       9 |       0 |   0.0
        D:6 |     931 |       0 |   0.0 |      17 |       0 |   0.0
        D:7 |     464 |    1202 |  72.1 |      10 |      32 |  76.2
        D:8 |    1977 |       0 |   0.0 |      19 |       0 |   0.0
        D:9 |    1979 |    1266 |  39.0 |      13 |      10 |  43.5
     Lair:1 |    4616 |     682 |  12.9 |      10 |       2 |  16.7
     Bailey |       0 |    1998 | 100.0 |       0 |      13 | 100.0
            +---------+---------+-------+---------+---------+-------

Illustrated notes

Table legend:
 A = Kills in this place as a percentage of kills in entire the game.
 B = Kills by you in this place as a percentage of kills by you in the entire game.
 C = Kills by friends in this place as a percentage of kills by friends in the entire game.
 D = Other kills in this place as a percentage of other kills in the entire game.
 E = Experience gained in this place as a percentage of experience gained in the entire game.
 F = Experience gained in this place divided by the number of levels of this place that you have seen.
                   A       B       C       D       E      F
               +-------+-------+-------+-------+-------+----------------------
         Total | 100.0 | 100.0 |   N/A | 100.0 | 100.0 | 1258.3
       Dungeon |  88.7 |  89.1 |   N/A |  50.0 |  55.4 | 1006.9
          Lair |   5.4 |   5.5 |   N/A |   0.0 |  32.4 | 5298.0
        Bailey |   5.9 |   5.5 |   N/A |  50.0 |  12.2 | 1998.0
               +-------+-------+-------+-------+-------+----------------------

Table legend: (Time is in decaauts)
 A = Elapsed time spent in this place.
 B = Non-inter-level travel time spent in this place.
 C = Inter-level travel time spent in this place.
 D = Time resting spent in this place.
 E = Time spent auto-exploring this place.
 F = Levels seen in this place.
 G = Mean time per level.
                   A        B        C        D        E       F      G
               +--------+--------+--------+--------+--------+-----+--------+
         Total |  14356 |  13470 |    886 |   3145 |   7401 |  13 | 1104.3 |
       Dungeon |  13470 |  12659 |    811 |   3058 |   7186 |   9 | 1496.7 |
        Temple |    154 |    102 |     52 |      0 |     87 |   1 |  154.0 |
          Lair |    336 |    313 |     23 |     36 |      1 |   1 |  336.0 |
        Bailey |    388 |    388 |      0 |     51 |    127 |   1 |  388.0 |
      Ice Cave |      6 |      6 |      0 |      0 |      0 |   1 |    6.0 |
               +--------+--------+--------+--------+--------+-----+--------+

Top non-repeatable levels by time:
     D:4: 2832 daAuts
     D:7: 2327 daAuts
     D:6: 1600 daAuts
     D:5: 1481 daAuts
     D:3: 1415 daAuts
     D:8: 1403 daAuts
     D:1: 965 daAuts
     D:9: 936 daAuts
     D:2: 509 daAuts
  Bailey: 388 daAuts
  Lair:1: 336 daAuts
  Temple: 154 daAuts
   IceCv: 6 daAuts
